[ AOE2 MATCH · #484318774 ]
UnrankedJapanese vs Franks
[ REPLAY ANALYSIS · EXTRACTED FROM THE RECORDED GAME ]
Feudal
11:46
Castle
23:41
Imperial
36:36
| APM avg | 19.8 |
| APM peak | 73 |
| eAPM avg | 14.7 |
| Villagers / military | 78 / 1083 |
Focus
⚔️ 59.8% · 🌾 40.2%
Spearman ×1045 · Samurai ×20 · Trebuchet (Packed) ×13 · Monk ×5 · Trade Cart ×3
Feudal
12:07
Castle
16:14
Imperial
33:15
| APM avg | 50.9 |
| APM peak | 103 |
| eAPM avg | 28.0 |
| Villagers / military | 135 / 669 |
Focus
⚔️ 26.1% · 🌾 73.9%
Archer ×303 · Camel Scout ×212 · Scout Cavalry ×135 · Trade Cart ×59 · War Elephant ×10 · Trebuchet (Packed) ×8
Feudal
16:29
Castle
20:49
Imperial
39:51
| APM avg | 28.2 |
| APM peak | 85 |
| eAPM avg | 13.2 |
| Villagers / military | 179 / 584 |
Focus
⚔️ 35.0% · 🌾 65.0%
Spearman ×298 · Throwing Axeman ×152 · Knight ×130 · Trade Cart ×55 · Trebuchet (Packed) ×4
Feudal
10:52
Castle
17:51
Imperial
33:27
| APM avg | 30.9 |
| APM peak | 87 |
| eAPM avg | 14.7 |
| Villagers / military | 89 / 183 |
Focus
⚔️ 23.6% · 🌾 76.4%
Steppe Lancer ×85 · Mangudai ×84 · Trade Cart ×12 · Fishing Ship ×11 · Battering Ram ×4 · Scout Cavalry ×4
Feudal
11:57
Castle
17:03
Imperial
37:44
| APM avg | 39.2 |
| APM peak | 121 |
| eAPM avg | 25.3 |
| Villagers / military | 184 / 587 |
Focus
⚔️ 47.1% · 🌾 52.9%
Skirmisher ×464 · Coustillier ×106 · Trebuchet (Packed) ×13 · Monk ×4
Feudal
12:28
Castle
16:57
Imperial
40:37
| APM avg | 41.0 |
| APM peak | 122 |
| eAPM avg | 24.2 |
| Villagers / military | 102 / 201 |
Focus
⚔️ 24.4% · 🌾 75.6%
Huskarl ×170 · Trade Cart ×42 · Battering Ram ×14 · Spearman ×7 · Fishing Ship ×6 · Mangonel ×4
Feudal
14:02
Castle
19:08
Imperial
35:28
| APM avg | 24.3 |
| APM peak | 69 |
| eAPM avg | 17.1 |
| Villagers / military | 117 / 630 |
Focus
⚔️ 43.7% · 🌾 56.3%
Skirmisher ×277 · Spearman ×200 · Camel Archer ×102 · Genitour ×22 · Trade Cart ×19 · Militia ×13
Feudal
11:13
Castle
17:21
Imperial
45:46
| APM avg | 19.2 |
| APM peak | 44 |
| eAPM avg | 13.4 |
| Villagers / military | 181 / 61 |
Focus
⚔️ 21.8% · 🌾 78.2%
Mangudai ×55 · Trade Cart ×13 · Spearman ×5 · Fishing Ship ×5 · Trebuchet (Packed) ×1
Match map
Initial resources + every placement click. Lines = walls · curves = elevation contours. ◆ gold · ⬟ stone · ● berries · ✦ relic · ◌ wall gap
Your base· Open — unwalled flank
Jenda1cz's base· Open — unwalled flank
十拾's base· Open — unwalled flank
Dr.Lang's base· Open — unwalled flank
宇先生's base· Open — 9t gap
不吃五花肉's base· Open — 7t gap
Fujitora's base· Open — 8t gap
Zoe's base· Open — unwalled flank
Smoothed initial terrain · ◌ = detected wall gap · hover for details
Inputs per minute
— felipetutuba - - Jenda1cz
Build order — felipetutuba
First 150 of 570 actions detected
| 0:57 | Build | Town Center |
| 2:22 | Create | Villager (Male) |
| 2:22 | Create | Villager (Male) |
| 2:23 | Create | Villager (Male) |
| 2:23 | Create | Villager (Male) |
| 2:25 | Build | House |
| 2:27 | Build | House |
| 3:23 | Build | House |
| 3:25 | Build | House |
| 3:26 | Build | House |
| 4:18 | Create | Villager (Male) |
| 4:43 | Build | Lumber Camp |
| 5:06 | Build | Palisade Wall |
| 5:12 | Create | Villager (Male) |
| 5:33 | Build | House |
| 5:35 | Create | Villager (Male) |
| 6:03 | Create | Villager (Male) |
| 6:07 | Build | Mining Camp |
| 6:11 | Build | Mining Camp |
| 6:12 | Create | Villager (Male) |
| 6:27 | Build | Palisade Wall |
| 6:31 | Create | Villager (Male) |
| 6:59 | Build | Palisade Wall |
| 6:59 | Build | Palisade Wall |
| 7:01 | Create | Villager (Male) |
| 7:08 | Build | House |
| 7:35 | Build | House |
| 8:24 | Build | Palisade Gate |
| 8:40 | Create | Villager (Male) |
| 9:36 | Research | Feudal Age |
| 9:46 | Build | Lumber Camp |
| 10:34 | Build | House |
| 10:39 | Build | Palisade Gate |
| 10:41 | Build | House |
| 11:00 | Build | Mining Camp |
| 11:46 | Age | Feudal Age |
| 11:50 | Create | Villager (Male) |
| 11:50 | Create | Villager (Male) |
| 11:53 | Research | Double-Bit Axe |
| 12:08 | Build | Stone Wall |
| 12:14 | Create | Villager (Male) |
| 12:23 | Build | Stone Wall |
| 12:26 | Create | Villager (Male) |
| 12:56 | Build | Barracks |
| 13:00 | Create | Villager (Male) |
| 13:16 | Build | Gate |
| 13:19 | Create | Villager (Male) |
| 13:35 | Build | Lumber Camp |
| 13:47 | Create | Villager (Male) |
| 14:06 | Build | Mill |
| 14:44 | Create | Villager (Male) |
| 14:59 | Create | Spearman |
| 15:03 | Create | Spearman |
| 15:09 | Create | Villager (Male) |
| 15:21 | Research | Horse Collar |
| 15:25 | Create | Villager (Male) |
| 15:35 | Build | Mill |
| 15:36 | Build | Farm |
| 15:37 | Build | Farm |
| 15:37 | Build | Farm |
| 15:37 | Build | Farm |
| 15:37 | Build | Farm |
| 15:38 | Build | Farm |
| 15:41 | Create | Villager (Male) |
| 16:23 | Create | Villager (Male) |
| 16:38 | Build | Barracks |
| 16:41 | Create | Villager (Male) |
| 16:48 | Build | Farm |
| 16:49 | Build | Farm |
| 16:49 | Build | Farm |
| 16:49 | Build | Farm |
| 16:50 | Build | Farm |
| 16:50 | Build | Farm |
| 16:50 | Build | Farm |
| 16:51 | Build | Farm |
| 16:52 | Build | Farm |
| 16:53 | Build | Farm |
| 16:53 | Build | Farm |
| 16:53 | Build | Farm |
| 16:54 | Build | Farm |
| 16:54 | Build | Farm |
| 16:54 | Build | Farm |
| 16:55 | Build | Farm |
| 17:00 | Create | Villager (Male) |
| 17:00 | Create | Villager (Male) |
| 17:53 | Create | Villager (Male) |
| 18:32 | Build | Market |
| 18:41 | Create | Villager (Male) |
| 19:04 | Create | Villager (Male) |
| 19:24 | Build | Blacksmith |
| 19:26 | Create | Villager (Male) |
| 20:04 | Create | Villager (Male) |
| 20:19 | Build | Barracks |
| 20:19 | Build | Barracks |
| 20:45 | Create | Spearman |
| 20:45 | Create | Spearman |
| 20:46 | Create | Spearman |
| 20:46 | Create | Spearman |
| 20:46 | Create | Spearman |
| 20:47 | Create | Spearman |
| 21:01 | Research | Castle Age |
| 21:09 | Research | Scale Mail Armor |
| 21:09 | Research | Forging |
| 21:15 | Create | Spearman |
| 21:15 | Create | Spearman |
| 21:30 | Create | Spearman |
| 22:02 | Create | Spearman |
| 22:02 | Create | Spearman |
| 22:04 | Create | Spearman |
| 22:04 | Create | Spearman |
| 22:14 | Build | House |
| 22:15 | Build | House |
| 22:16 | Build | House |
| 22:19 | Build | House |
| 22:24 | Build | Barracks |
| 22:25 | Build | Barracks |
| 22:32 | Create | Spearman |
| 22:33 | Create | Spearman |
| 23:33 | Create | Spearman |
| 23:33 | Create | Spearman |
| 23:34 | Create | Spearman |
| 23:41 | Age | Castle Age |
| 23:45 | Build | Town Center |
| 23:52 | Build | Monastery |
| 23:55 | Create | Villager (Male) |
| 23:55 | Create | Villager (Male) |
| 23:59 | Build | Town Center |
| 24:07 | Research | Pikeman (upgrade) |
| 24:12 | Research | Chain Mail Armor |
| 24:15 | Create | Spearman |
| 24:16 | Create | Spearman |
| 24:17 | Create | Spearman |
| 24:34 | Create | Spearman |
| 24:35 | Create | Spearman |
| 24:39 | Create | Villager (Male) |
| 24:39 | Create | Villager (Male) |
| 24:44 | Create | Monk |
| 24:50 | Create | Villager (Male) |
| 24:50 | Create | Villager (Male) |
| 24:54 | Create | Villager (Male) |
| 24:54 | Create | Villager (Male) |
| 24:59 | Create | Spearman |
| 25:00 | Create | Spearman |
| 25:01 | Create | Spearman |
| 25:02 | Create | Spearman |
| 25:31 | Create | Spearman |
| 25:32 | Create | Spearman |
| 25:36 | Create | Villager (Male) |
| 25:36 | Create | Villager (Male) |
| 25:37 | Create | Villager (Male) |
Build order — Jenda1cz
First 150 of 554 actions detected
| 0:54 | Build | Town Center |
| 1:06 | Build | Town Center |
| 2:45 | Create | Villager (Male) ×5 |
| 2:45 | Create | Villager (Male) ×5 |
| 2:54 | Build | House |
| 2:56 | Build | House |
| 2:57 | Build | House |
| 5:01 | Create | Villager (Male) |
| 5:01 | Create | Villager (Male) |
| 5:20 | Create | Villager (Male) |
| 5:21 | Create | Villager (Male) |
| 5:37 | Create | Villager (Male) |
| 5:37 | Create | Villager (Male) |
| 5:58 | Build | House |
| 6:01 | Build | House |
| 6:43 | Create | Villager (Male) |
| 7:10 | Create | Villager (Male) ×3 |
| 7:10 | Create | Villager (Male) ×3 |
| 7:24 | Build | Mining Camp |
| 8:09 | Create | Villager (Male) |
| 8:09 | Create | Villager (Male) |
| 9:41 | Build | Lumber Camp |
| 10:03 | Research | Feudal Age |
| 10:03 | Research | Feudal Age |
| 10:05 | Research | Loom |
| 10:06 | Create | Villager (Male) |
| 10:28 | Create | Villager (Male) |
| 11:54 | Build | Mill |
| 12:07 | Age | Feudal Age |
| 12:20 | Build | Blacksmith |
| 12:28 | Build | Palisade Gate |
| 12:59 | Build | Market |
| 13:06 | Build | Market |
| 13:48 | Research | Castle Age |
| 13:49 | Research | Castle Age |
| 14:04 | Build | House |
| 14:06 | Build | House |
| 14:07 | Build | House |
| 14:08 | Build | House |
| 14:19 | Build | Palisade Gate |
| 14:24 | Build | House |
| 14:29 | Build | Palisade Wall |
| 14:33 | Build | Palisade Wall |
| 14:36 | Build | Palisade Wall |
| 14:37 | Build | Palisade Wall |
| 14:38 | Build | Palisade Wall |
| 14:47 | Research | Double-Bit Axe |
| 14:48 | Research | Double-Bit Axe |
| 14:51 | Research | Horse Collar |
| 14:51 | Research | Horse Collar |
| 15:04 | Create | Villager (Male) |
| 15:04 | Create | Villager (Male) |
| 16:14 | Age | Castle Age |
| 16:42 | Build | Town Center |
| 16:51 | Create | Villager (Male) |
| 16:51 | Create | Villager (Male) |
| 16:52 | Create | Villager (Male) |
| 16:53 | Research | Bow Saw |
| 16:53 | Research | Bow Saw |
| 17:21 | Build | Town Center |
| 17:26 | Create | Villager (Male) |
| 17:33 | Build | Barracks |
| 17:40 | Create | Villager (Male) |
| 17:51 | Create | Villager (Male) |
| 17:59 | Research | Scale Barding Armor |
| 17:59 | Research | Scale Barding Armor |
| 18:00 | Research | Forging |
| 18:00 | Research | Forging |
| 18:03 | Research | Scale Barding Armor |
| 18:03 | Research | Forging |
| 18:04 | Research | Forging |
| 18:21 | Create | Villager (Male) |
| 18:27 | Build | Farm |
| 18:28 | Build | Farm |
| 18:28 | Build | Farm |
| 18:28 | Build | Farm |
| 18:29 | Build | Farm |
| 18:29 | Build | Farm |
| 18:29 | Build | Farm |
| 18:30 | Build | Farm |
| 18:30 | Build | Farm |
| 18:31 | Build | Farm |
| 18:32 | Build | Farm |
| 18:33 | Build | Farm |
| 18:33 | Build | Farm |
| 18:33 | Build | Farm |
| 18:34 | Build | Farm |
| 18:34 | Build | Farm |
| 18:34 | Build | Farm |
| 18:36 | Create | Villager (Male) |
| 18:36 | Create | Villager (Male) |
| 18:51 | Create | Villager (Male) |
| 19:04 | Create | Villager (Male) |
| 19:04 | Create | Villager (Male) |
| 19:22 | Create | Villager (Male) |
| 19:23 | Create | Villager (Male) |
| 19:23 | Create | Villager (Male) |
| 19:23 | Create | Villager (Male) |
| 19:33 | Build | Farm |
| 19:34 | Build | Farm |
| 19:34 | Build | Farm |
| 19:40 | Build | Farm |
| 19:41 | Build | Farm |
| 19:42 | Create | Villager (Male) |
| 19:42 | Create | Villager (Male) |
| 19:45 | Create | Villager (Male) |
| 19:45 | Create | Villager (Male) |
| 19:58 | Create | Villager (Male) |
| 20:12 | Build | Stable |
| 20:28 | Build | Archery Range |
| 20:31 | Build | Archery Range |
| 20:43 | Create | Villager (Male) |
| 20:44 | Create | Villager (Male) |
| 20:44 | Create | Villager (Male) |
| 20:44 | Create | Villager (Male) |
| 20:49 | Research | Fletching |
| 20:50 | Research | Fletching |
| 20:57 | Create | Villager (Male) |
| 20:57 | Create | Villager (Male) |
| 21:15 | Build | Mining Camp |
| 21:16 | Create | Villager (Male) |
| 21:16 | Create | Villager (Male) |
| 21:22 | Create | Villager (Male) |
| 21:22 | Create | Villager (Male) |
| 21:23 | Create | Villager (Male) |
| 21:27 | Build | Farm |
| 21:27 | Build | Farm |
| 21:27 | Build | Farm |
| 21:30 | Build | Farm |
| 21:30 | Build | Farm |
| 21:30 | Build | Farm |
| 21:30 | Build | Farm |
| 21:31 | Build | Farm |
| 21:31 | Build | Farm |
| 21:31 | Build | Farm |
| 21:31 | Build | Farm |
| 21:32 | Build | Farm |
| 21:37 | Create | Villager (Male) |
| 21:37 | Create | Villager (Male) |
| 21:56 | Create | Villager (Male) |
| 21:56 | Create | Villager (Male) |
| 21:57 | Create | Villager (Male) |
| 22:08 | Build | Palisade Wall |
| 22:23 | Create | Villager (Male) |
| 22:24 | Create | Villager (Male) |
| 22:24 | Create | Villager (Male) |
| 22:37 | Create | Villager (Male) |
| 22:43 | Create | Villager (Male) |
| 22:43 | Create | Villager (Male) |
| 22:46 | Build | Farm |
Build order — 十拾
First 150 of 510 actions detected
| 1:43 | Build | Town Center |
| 3:14 | Build | House |
| 4:14 | Build | House |
| 4:46 | Research | Loom |
| 4:47 | Create | Villager (Male) ×4 |
| 4:47 | Create | Villager (Male) ×4 |
| 5:45 | Build | House |
| 6:45 | Create | Villager (Male) |
| 6:45 | Create | Villager (Male) |
| 6:57 | Build | House |
| 7:22 | Build | House |
| 8:42 | Build | Mill |
| 9:12 | Create | Villager (Male) ×5 |
| 9:12 | Create | Villager (Male) ×5 |
| 9:13 | Create | Villager (Male) ×2 |
| 9:53 | Create | Villager (Male) ×3 |
| 9:53 | Create | Villager (Male) ×3 |
| 11:32 | Create | Villager (Male) ×5 |
| 11:32 | Create | Villager (Male) ×5 |
| 11:32 | Create | Villager (Male) ×3 |
| 12:23 | Build | House |
| 12:25 | Build | House |
| 12:26 | Build | House |
| 13:11 | Build | Mining Camp |
| 14:11 | Research | Feudal Age |
| 14:12 | Create | Villager (Male) |
| 14:12 | Create | Villager (Male) |
| 14:28 | Build | Lumber Camp |
| 15:07 | Build | House |
| 15:07 | Build | House |
| 15:07 | Build | House |
| 15:08 | Build | House |
| 15:08 | Build | House |
| 15:10 | Build | House |
| 15:10 | Build | House |
| 15:10 | Build | House |
| 16:29 | Age | Feudal Age |
| 16:32 | Build | Blacksmith |
| 16:48 | Build | Market |
| 16:52 | Research | Wheelbarrow |
| 16:58 | Research | Double-Bit Axe |
| 17:00 | Research | Gold Mining |
| 17:53 | Build | Barracks |
| 17:57 | Research | Castle Age |
| 18:43 | Research | Forging |
| 18:44 | Research | Scale Barding Armor |
| 19:02 | Build | Stable |
| 19:39 | Build | Stable |
| 20:21 | Create | Villager (Male) |
| 20:49 | Age | Castle Age |
| 20:53 | Research | Hand Cart |
| 20:57 | Create | Knight ×5 |
| 20:57 | Create | Knight ×5 |
| 20:57 | Create | Knight ×2 |
| 21:45 | Research | Husbandry |
| 21:45 | Create | Knight |
| 21:45 | Create | Knight |
| 21:59 | Build | Town Center |
| 22:16 | Build | Town Center |
| 22:39 | Create | Knight |
| 22:39 | Create | Knight |
| 23:34 | Build | Town Center |
| 23:38 | Create | Villager (Male) ×5 |
| 23:38 | Create | Villager (Male) ×5 |
| 23:39 | Create | Villager (Male) ×5 |
| 23:39 | Create | Villager (Male) |
| 23:40 | Create | Villager (Male) ×2 |
| 23:40 | Create | Villager (Male) ×2 |
| 24:46 | Build | Farm |
| 24:47 | Build | Farm |
| 24:50 | Build | Farm |
| 24:51 | Build | Farm |
| 24:53 | Build | Farm |
| 24:54 | Build | Farm |
| 24:56 | Build | Farm |
| 25:00 | Build | Farm |
| 25:07 | Research | Town Watch |
| 25:07 | Create | Villager (Male) |
| 25:08 | Create | Villager (Male) |
| 25:08 | Create | Villager (Male) |
| 25:08 | Create | Villager (Male) |
| 25:14 | Create | Knight ×2 |
| 25:14 | Create | Knight ×2 |
| 25:50 | Create | Villager (Male) |
| 25:51 | Create | Villager (Male) |
| 26:14 | Build | Mining Camp |
| 26:26 | Create | Villager (Male) |
| 26:26 | Create | Villager (Male) |
| 27:11 | Create | Villager (Male) |
| 27:11 | Create | Villager (Male) |
| 27:15 | Research | Bow Saw |
| 27:23 | Create | Villager (Male) |
| 27:23 | Create | Villager (Male) |
| 27:37 | Build | House |
| 27:41 | Build | House |
| 27:48 | Create | Villager (Male) |
| 27:49 | Create | Villager (Male) |
| 27:49 | Create | Villager (Male) |
| 27:50 | Create | Villager (Male) |
| 27:50 | Create | Villager (Male) |
| 27:50 | Create | Villager (Male) |
| 28:00 | Build | Farm |
| 28:01 | Build | Farm |
| 28:02 | Build | Farm |
| 28:05 | Build | Farm |
| 28:06 | Build | Farm |
| 28:26 | Create | Villager (Male) |
| 28:26 | Create | Villager (Male) |
| 28:26 | Create | Villager (Male) |
| 28:26 | Create | Villager (Male) |
| 28:27 | Create | Villager (Male) |
| 28:27 | Create | Villager (Male) |
| 28:43 | Create | Villager (Male) |
| 28:44 | Create | Villager (Male) |
| 28:44 | Create | Villager (Male) |
| 28:50 | Build | House |
| 28:51 | Build | House |
| 28:51 | Build | House |
| 28:51 | Build | House |
| 28:52 | Build | House |
| 28:52 | Build | House |
| 28:52 | Build | House |
| 28:52 | Build | House |
| 28:53 | Build | House |
| 28:54 | Build | House |
| 28:54 | Build | House |
| 28:54 | Build | House |
| 28:55 | Build | House |
| 28:55 | Build | House |
| 29:02 | Create | Villager (Male) |
| 29:02 | Create | Villager (Male) |
| 29:03 | Create | Villager (Male) |
| 29:03 | Create | Villager (Male) |
| 29:38 | Build | Castle |
| 29:51 | Research | Pikeman (upgrade) |
| 29:51 | Create | Spearman ×5 |
| 29:52 | Create | Spearman ×5 |
| 31:19 | Build | Lumber Camp |
| 31:21 | Research | Bearded Axe |
| 31:22 | Create | Throwing Axeman ×4 |
| 31:22 | Create | Throwing Axeman ×4 |
| 31:50 | Create | Villager (Male) |
| 31:50 | Create | Villager (Male) |
| 31:50 | Create | Villager (Male) |
| 31:50 | Create | Villager (Male) |
| 31:51 | Create | Villager (Male) |
| 31:51 | Create | Villager (Male) |
| 32:22 | Build | Farm |
| 32:24 | Build | Farm |
| 32:26 | Build | Farm |
Build order — Dr.Lang
First 150 of 396 actions detected
| 0:02 | Build | House |
| 1:29 | Build | Town Center |
| 3:35 | Create | Villager (Male) |
| 3:37 | Create | Villager (Male) |
| 3:37 | Create | Villager (Male) |
| 3:37 | Create | Villager (Male) |
| 3:37 | Create | Villager (Male) |
| 3:38 | Build | House |
| 3:41 | Build | House |
| 3:53 | Research | Loom |
| 3:53 | Create | Villager (Male) |
| 3:54 | Create | Villager (Male) |
| 3:54 | Create | Villager (Male) |
| 3:54 | Create | Villager (Male) |
| 3:54 | Create | Villager (Male) |
| 4:30 | Build | Lumber Camp |
| 5:42 | Build | House |
| 6:21 | Create | Villager (Male) |
| 6:21 | Create | Villager (Male) |
| 6:21 | Create | Villager (Male) |
| 6:21 | Create | Villager (Male) |
| 6:29 | Build | Barracks |
| 6:33 | Create | Villager (Male) |
| 6:33 | Create | Villager (Male) |
| 6:41 | Create | Villager (Male) |
| 6:42 | Create | Villager (Male) |
| 7:36 | Create | Villager (Male) |
| 8:42 | Research | Feudal Age |
| 9:31 | Create | Villager (Male) |
| 9:31 | Create | Villager (Male) |
| 9:36 | Build | House |
| 9:41 | Build | House |
| 10:37 | Create | Villager (Male) |
| 10:52 | Age | Feudal Age |
| 11:00 | Build | Stable |
| 11:11 | Build | Dock |
| 11:36 | Build | Mill |
| 11:50 | Build | Mining Camp |
| 12:12 | Create | Scout Cavalry |
| 12:12 | Create | Scout Cavalry |
| 12:14 | Create | Scout Cavalry |
| 12:29 | Create | Villager (Male) |
| 12:42 | Create | Villager (Male) |
| 12:59 | Create | Fishing Ship |
| 12:59 | Create | Fishing Ship |
| 13:05 | Build | House |
| 13:38 | Create | Scout Cavalry |
| 14:19 | Create | Fishing Ship |
| 14:19 | Create | Fishing Ship |
| 14:45 | Build | Market |
| 14:51 | Research | Gold Mining |
| 14:52 | Research | Double-Bit Axe |
| 14:53 | Research | Double-Bit Axe |
| 15:11 | Research | Castle Age |
| 16:01 | Build | House |
| 16:01 | Build | House |
| 16:17 | Build | Farm |
| 16:55 | Build | Archery Range |
| 17:40 | Create | Villager (Male) |
| 17:41 | Create | Villager (Male) |
| 17:51 | Age | Castle Age |
| 17:55 | Build | Castle |
| 17:59 | Research | Bow Saw |
| 18:01 | Create | Villager (Male) |
| 18:02 | Build | Farm |
| 18:03 | Build | Farm |
| 18:59 | Create | Steppe Lancer |
| 19:00 | Create | Steppe Lancer |
| 19:46 | Create | Mangudai |
| 19:47 | Create | Mangudai |
| 19:53 | Build | Farm |
| 19:57 | Build | Farm |
| 20:05 | Build | Farm |
| 20:15 | Build | Town Center |
| 20:41 | Create | Steppe Lancer |
| 20:42 | Create | Steppe Lancer |
| 20:46 | Create | Mangudai |
| 20:47 | Create | Mangudai |
| 20:47 | Create | Mangudai |
| 21:03 | Build | Blacksmith |
| 21:40 | Research | Thumb Ring |
| 21:45 | Research | Fletching |
| 21:49 | Create | Mangudai |
| 21:49 | Create | Mangudai |
| 22:18 | Create | Villager (Male) |
| 22:18 | Create | Villager (Male) |
| 22:19 | Create | Villager (Male) |
| 22:32 | Build | Mining Camp |
| 22:52 | Create | Villager (Male) |
| 22:52 | Create | Villager (Male) |
| 22:52 | Create | Villager (Male) |
| 22:55 | Build | Farm |
| 22:57 | Build | Farm |
| 25:10 | Create | Villager (Male) |
| 25:14 | Create | Mangudai |
| 25:14 | Create | Mangudai |
| 25:19 | Research | Gold Shaft Mining |
| 25:21 | Build | Farm |
| 25:24 | Build | Farm |
| 25:29 | Build | Mining Camp |
| 26:59 | Build | Farm |
| 27:02 | Build | Farm |
| 27:03 | Create | Villager (Male) |
| 27:04 | Create | Villager (Male) |
| 27:05 | Create | Villager (Male) |
| 27:05 | Create | Villager (Male) |
| 27:05 | Create | Villager (Male) |
| 27:18 | Build | Mining Camp |
| 27:28 | Build | Siege Workshop |
| 28:28 | Build | Farm |
| 28:34 | Build | Fish Trap |
| 28:34 | Build | Fish Trap |
| 28:34 | Build | Fish Trap |
| 28:35 | Build | Fish Trap |
| 28:39 | Create | Fishing Ship |
| 28:39 | Create | Fishing Ship |
| 28:39 | Create | Fishing Ship |
| 29:27 | Create | Villager (Male) |
| 29:30 | Create | Villager (Male) |
| 29:30 | Create | Villager (Male) |
| 29:39 | Build | Town Center |
| 30:16 | Research | Imperial Age |
| 30:25 | Create | Mangudai |
| 30:25 | Create | Mangudai |
| 30:26 | Create | Mangudai |
| 30:35 | Research | Padded Archer Armor |
| 30:42 | Build | University |
| 31:07 | Create | Battering Ram |
| 31:13 | Create | Villager (Male) |
| 31:13 | Create | Villager (Male) |
| 31:13 | Create | Villager (Male) |
| 31:15 | Build | Farm |
| 31:25 | Create | Mangudai |
| 31:25 | Create | Mangudai |
| 31:49 | Create | Villager (Male) |
| 31:50 | Create | Villager (Male) |
| 31:51 | Create | Villager (Male) |
| 31:52 | Create | Villager (Male) |
| 31:52 | Create | Villager (Male) |
| 32:31 | Create | Battering Ram |
| 32:32 | Create | Battering Ram |
| 32:39 | Create | Mangudai |
| 33:01 | Build | Castle |
| 33:15 | Create | Battering Ram |
| 33:27 | Age | Imperial Age |
| 33:40 | Create | Trebuchet (Packed) |
| 33:41 | Create | Trebuchet (Packed) |
| 33:58 | Research | Bodkin Arrow |
| 34:05 | Create | Villager (Male) |
| 34:05 | Create | Villager (Male) |
Build order — 宇先生
First 150 of 1007 actions detected
| 0:11 | Build | Town Center |
| 2:30 | Create | Villager (Male) |
| 2:30 | Create | Villager (Male) |
| 2:37 | Build | House |
| 2:38 | Build | House |
| 2:39 | Build | House |
| 2:40 | Build | House |
| 3:23 | Create | Villager (Male) |
| 3:24 | Create | Villager (Male) |
| 3:24 | Create | Villager (Male) |
| 3:24 | Create | Villager (Male) |
| 3:24 | Create | Villager (Male) |
| 3:25 | Create | Villager (Male) |
| 3:28 | Research | Loom |
| 3:30 | Research | Wheelbarrow |
| 4:26 | Create | Villager (Male) |
| 4:26 | Create | Villager (Male) |
| 4:27 | Create | Villager (Male) |
| 4:27 | Create | Villager (Male) |
| 4:28 | Create | Villager (Male) |
| 4:28 | Create | Villager (Male) |
| 4:28 | Create | Villager (Male) |
| 4:29 | Create | Villager (Male) |
| 4:51 | Create | Villager (Male) |
| 4:51 | Create | Villager (Male) |
| 5:03 | Create | Villager (Male) |
| 5:04 | Create | Villager (Male) |
| 5:10 | Build | House |
| 5:55 | Create | Villager (Male) |
| 6:22 | Create | Villager (Male) |
| 6:22 | Create | Villager (Male) |
| 6:35 | Create | Villager (Male) |
| 6:35 | Create | Villager (Male) |
| 7:47 | Build | Lumber Camp |
| 8:30 | Create | Villager (Male) |
| 9:22 | Build | Mining Camp |
| 9:47 | Research | Feudal Age |
| 11:03 | Create | Villager (Male) |
| 11:04 | Create | Villager (Male) |
| 11:57 | Age | Feudal Age |
| 11:59 | Build | Blacksmith |
| 12:22 | Build | Mill |
| 12:28 | Build | Mill |
| 12:36 | Create | Villager (Male) |
| 12:36 | Create | Villager (Male) |
| 12:37 | Create | Villager (Male) |
| 12:44 | Build | Mining Camp |
| 12:53 | Research | Double-Bit Axe |
| 12:57 | Research | Gold Mining |
| 13:39 | Build | Market |
| 14:11 | Research | Stone Mining |
| 14:14 | Research | Gold Shaft Mining |
| 14:23 | Research | Castle Age |
| 14:24 | Research | Castle Age |
| 14:39 | Build | Farm |
| 14:57 | Build | House |
| 14:58 | Build | House |
| 14:59 | Build | House |
| 15:00 | Build | House |
| 15:03 | Build | House |
| 15:03 | Build | House |
| 15:47 | Research | Fletching |
| 16:04 | Build | Farm |
| 16:05 | Build | Farm |
| 16:06 | Build | Farm |
| 16:14 | Research | Padded Archer Armor |
| 16:19 | Research | Scale Barding Armor |
| 16:20 | Research | Forging |
| 16:58 | Build | Farm |
| 16:59 | Build | Farm |
| 16:59 | Build | Farm |
| 17:00 | Build | Farm |
| 17:03 | Age | Castle Age |
| 17:34 | Create | Villager (Male) |
| 17:34 | Create | Villager (Male) |
| 18:14 | Build | Castle |
| 19:39 | Create | Coustillier |
| 19:40 | Create | Coustillier |
| 19:40 | Create | Coustillier |
| 19:40 | Create | Coustillier |
| 21:43 | Build | Farm |
| 22:13 | Create | Villager (Male) |
| 22:14 | Create | Villager (Male) |
| 23:10 | Create | Villager (Male) |
| 23:11 | Create | Villager (Male) |
| 23:13 | Create | Coustillier |
| 23:18 | Create | Coustillier |
| 23:18 | Create | Coustillier |
| 23:33 | Create | Coustillier |
| 24:26 | Build | Castle |
| 24:35 | Create | Coustillier |
| 24:35 | Create | Coustillier |
| 24:44 | Build | Town Center |
| 25:28 | Create | Villager (Male) |
| 25:32 | Create | Villager (Male) |
| 25:33 | Create | Villager (Male) |
| 25:34 | Create | Villager (Male) |
| 26:01 | Create | Villager (Male) |
| 26:01 | Create | Villager (Male) |
| 26:22 | Build | Mining Camp |
| 26:30 | Build | Mining Camp |
| 26:38 | Build | Farm |
| 26:39 | Build | Farm |
| 26:40 | Build | Farm |
| 26:42 | Build | Farm |
| 26:56 | Create | Villager (Male) |
| 26:58 | Create | Villager (Male) |
| 26:59 | Create | Villager (Male) |
| 26:59 | Create | Villager (Male) |
| 26:59 | Create | Villager (Male) |
| 27:05 | Create | Villager (Male) |
| 27:05 | Create | Villager (Male) |
| 27:06 | Create | Villager (Male) |
| 27:06 | Create | Villager (Male) |
| 27:06 | Create | Villager (Male) |
| 28:00 | Create | Villager (Male) |
| 28:02 | Create | Villager (Male) |
| 28:03 | Create | Villager (Male) |
| 28:13 | Create | Villager (Male) |
| 28:34 | Build | Town Center |
| 28:35 | Build | Farm |
| 28:36 | Build | Farm |
| 28:38 | Create | Villager (Male) |
| 29:37 | Build | Farm |
| 29:38 | Build | Farm |
| 29:39 | Build | Farm |
| 29:39 | Build | Farm |
| 29:40 | Build | Farm |
| 29:42 | Create | Villager (Male) |
| 29:42 | Create | Villager (Male) |
| 29:43 | Create | Villager (Male) |
| 29:43 | Create | Villager (Male) |
| 29:43 | Create | Villager (Male) |
| 29:43 | Create | Villager (Male) |
| 29:44 | Create | Villager (Male) |
| 29:44 | Create | Villager (Male) |
| 29:44 | Create | Villager (Male) |
| 30:24 | Create | Villager (Male) |
| 30:24 | Create | Villager (Male) |
| 30:24 | Create | Villager (Male) |
| 30:25 | Create | Villager (Male) |
| 30:25 | Create | Villager (Male) |
| 30:25 | Create | Villager (Male) |
| 30:48 | Build | Farm |
| 30:49 | Build | Farm |
| 30:50 | Create | Villager (Male) |
| 30:52 | Create | Villager (Male) |
| 31:01 | Create | Villager (Male) |
| 31:01 | Create | Villager (Male) |
| 31:01 | Create | Villager (Male) |
Build order — 不吃五花肉
First 150 of 554 actions detected
| 0:48 | Build | Town Center |
| 2:50 | Create | Villager (Male) |
| 2:50 | Create | Villager (Male) |
| 2:54 | Build | House |
| 3:18 | Create | Villager (Male) |
| 3:18 | Create | Villager (Male) |
| 3:23 | Build | House |
| 3:56 | Build | Dock |
| 4:20 | Build | House |
| 4:24 | Create | Villager (Male) |
| 4:58 | Build | House |
| 5:31 | Create | Villager (Male) |
| 5:31 | Create | Villager (Male) |
| 5:55 | Build | House |
| 6:43 | Build | Lumber Camp |
| 7:16 | Create | Villager (Male) |
| 7:16 | Create | Villager (Male) |
| 7:27 | Create | Villager (Male) |
| 7:45 | Create | Villager (Male) |
| 7:45 | Create | Villager (Male) |
| 7:59 | Create | Villager (Male) |
| 8:04 | Create | Villager (Male) |
| 8:05 | Create | Villager (Male) |
| 8:16 | Create | Fishing Ship |
| 8:16 | Create | Fishing Ship |
| 8:25 | Create | Villager (Male) |
| 8:37 | Build | House |
| 9:33 | Create | Villager (Male) |
| 10:07 | Research | Feudal Age |
| 10:30 | Create | Villager (Male) |
| 10:30 | Create | Villager (Male) |
| 10:56 | Create | Fishing Ship |
| 10:56 | Create | Fishing Ship |
| 10:59 | Create | Fishing Ship |
| 11:15 | Build | Barracks |
| 11:37 | Create | Fishing Ship |
| 12:28 | Age | Feudal Age |
| 12:43 | Build | Blacksmith |
| 12:56 | Build | Mill |
| 13:04 | Build | House |
| 13:12 | Create | Villager (Male) |
| 13:26 | Build | Market |
| 14:02 | Build | Farm |
| 14:05 | Build | Farm |
| 14:17 | Research | Castle Age |
| 14:20 | Research | Double-Bit Axe |
| 14:29 | Build | Farm |
| 14:43 | Build | House |
| 14:55 | Build | House |
| 14:56 | Build | House |
| 14:57 | Build | House |
| 15:13 | Build | Mining Camp |
| 16:43 | Build | Archery Range |
| 16:57 | Age | Castle Age |
| 17:12 | Build | Town Center |
| 17:34 | Build | Town Center |
| 17:45 | Create | Villager (Male) |
| 17:45 | Create | Villager (Male) |
| 17:46 | Create | Villager (Male) |
| 17:52 | Research | Crossbowman (upgrade) |
| 17:53 | Create | Archer |
| 17:53 | Create | Archer |
| 17:53 | Create | Archer |
| 18:10 | Create | Villager (Male) |
| 18:13 | Build | Farm |
| 18:14 | Create | Villager (Male) |
| 18:41 | Create | Villager (Male) |
| 18:41 | Create | Villager (Male) |
| 19:22 | Research | Loom |
| 20:03 | Build | Town Center |
| 20:08 | Create | Villager (Male) |
| 20:09 | Create | Villager (Male) |
| 20:10 | Create | Villager (Male) |
| 20:10 | Create | Villager (Male) |
| 20:14 | Create | Villager (Male) |
| 20:25 | Create | Spearman |
| 20:26 | Create | Spearman |
| 20:26 | Create | Spearman |
| 20:47 | Create | Spearman |
| 21:16 | Create | Spearman |
| 21:16 | Create | Spearman |
| 21:31 | Build | Town Center |
| 21:55 | Create | Spearman |
| 22:43 | Build | Siege Workshop |
| 23:35 | Create | Villager (Male) |
| 23:35 | Create | Villager (Male) |
| 24:19 | Build | Castle |
| 24:46 | Create | Battering Ram |
| 25:09 | Create | Battering Ram |
| 25:09 | Create | Battering Ram |
| 25:29 | Create | Villager (Male) |
| 25:29 | Create | Villager (Male) |
| 25:38 | Build | Farm |
| 25:38 | Build | Farm |
| 25:39 | Build | Farm |
| 25:44 | Create | Villager (Male) |
| 25:44 | Create | Villager (Male) |
| 25:53 | Create | Villager (Male) |
| 25:53 | Create | Villager (Male) |
| 25:55 | Create | Villager (Male) |
| 25:56 | Create | Villager (Male) |
| 26:00 | Create | Villager (Male) |
| 26:21 | Build | Farm |
| 26:23 | Build | Farm |
| 26:50 | Build | Mining Camp |
| 26:56 | Create | Villager (Male) |
| 27:00 | Create | Villager (Male) |
| 27:04 | Create | Villager (Male) |
| 27:38 | Create | Battering Ram |
| 27:48 | Create | Villager (Male) |
| 27:50 | Create | Villager (Male) |
| 27:52 | Create | Villager (Male) |
| 27:52 | Create | Villager (Male) |
| 27:59 | Create | Villager (Male) |
| 27:59 | Create | Villager (Male) |
| 28:23 | Build | Mill |
| 28:26 | Build | Farm |
| 28:36 | Create | Villager (Male) |
| 28:38 | Create | Villager (Male) |
| 28:55 | Create | Huskarl |
| 28:55 | Create | Huskarl |
| 29:05 | Build | Barracks |
| 29:06 | Build | Barracks |
| 29:10 | Build | Farm |
| 29:16 | Build | Farm |
| 29:21 | Build | Farm |
| 29:25 | Build | Farm |
| 30:03 | Create | Villager (Male) |
| 30:03 | Create | Villager (Male) |
| 30:03 | Create | Villager (Male) |
| 30:07 | Create | Villager (Male) |
| 30:34 | Build | Palisade Wall |
| 30:47 | Build | Farm |
| 30:54 | Create | Militia |
| 30:56 | Build | Farm |
| 30:59 | Build | Farm |
| 31:46 | Build | Castle |
| 32:03 | Create | Huskarl |
| 32:03 | Create | Huskarl |
| 32:05 | Research | Anarchy |
| 32:18 | Build | Palisade Gate |
| 32:22 | Create | Villager (Male) |
| 32:22 | Create | Villager (Male) |
| 32:23 | Create | Villager (Male) |
| 32:30 | Build | House |
| 32:31 | Build | House |
| 32:31 | Build | House |
| 32:31 | Build | House |
| 32:31 | Build | House |
| 32:32 | Build | House |
Build order — Fujitora
First 150 of 749 actions detected
| 1:40 | Build | Town Center |
| 3:08 | Build | House |
| 3:10 | Build | House |
| 3:11 | Build | House |
| 3:13 | Build | House |
| 3:18 | Build | Palisade Gate |
| 4:15 | Build | Mill |
| 4:34 | Create | Villager (Male) |
| 4:34 | Create | Villager (Male) |
| 4:35 | Create | Villager (Male) |
| 4:36 | Create | Villager (Male) |
| 4:40 | Build | House |
| 4:46 | Research | Loom |
| 5:16 | Build | House |
| 5:19 | Build | House |
| 6:05 | Create | Villager (Male) |
| 6:05 | Create | Villager (Male) |
| 6:06 | Create | Villager (Male) |
| 6:25 | Build | Barracks |
| 6:32 | Build | House |
| 6:38 | Create | Villager (Male) |
| 7:36 | Create | Villager (Male) |
| 7:37 | Create | Villager (Male) |
| 7:37 | Create | Villager (Male) |
| 7:37 | Create | Villager (Male) |
| 7:45 | Create | Villager (Male) |
| 7:55 | Build | House |
| 8:13 | Build | Mill |
| 8:34 | Create | Villager (Male) |
| 8:34 | Create | Villager (Male) |
| 9:28 | Build | Mill |
| 9:35 | Create | Villager (Male) |
| 9:36 | Create | Villager (Male) |
| 9:36 | Create | Villager (Male) |
| 9:37 | Create | Villager (Male) |
| 9:37 | Create | Villager (Male) |
| 9:49 | Create | Villager (Male) |
| 9:52 | Build | Farm |
| 10:07 | Create | Villager (Male) |
| 10:18 | Build | Farm |
| 10:26 | Create | Villager (Male) |
| 10:37 | Build | Mining Camp |
| 10:47 | Create | Villager (Male) |
| 11:27 | Create | Villager (Male) |
| 11:36 | Research | Feudal Age |
| 12:30 | Build | Mining Camp |
| 13:14 | Build | Farm |
| 13:17 | Build | Farm |
| 13:18 | Build | Farm |
| 13:19 | Build | Farm |
| 13:37 | Create | Villager (Male) |
| 14:02 | Age | Feudal Age |
| 14:05 | Build | House |
| 14:07 | Build | House |
| 14:08 | Build | House |
| 14:12 | Build | House |
| 14:13 | Build | House |
| 14:16 | Build | Blacksmith |
| 14:21 | Build | Market |
| 14:38 | Create | Villager (Male) |
| 14:45 | Build | Gate |
| 14:48 | Build | Market |
| 14:59 | Build | Market |
| 15:06 | Build | Market |
| 15:09 | Create | Villager (Male) |
| 15:31 | Build | Stable |
| 15:38 | Create | Villager (Male) |
| 15:42 | Research | Gold Mining |
| 15:46 | Research | Horse Collar |
| 16:00 | Build | Lumber Camp |
| 16:02 | Create | Villager (Male) |
| 16:22 | Research | Castle Age |
| 16:27 | Create | Scout Cavalry |
| 16:27 | Create | Scout Cavalry |
| 16:27 | Create | Scout Cavalry |
| 17:39 | Research | Wheelbarrow |
| 17:40 | Research | Double-Bit Axe |
| 17:58 | Build | Farm |
| 18:05 | Build | Farm |
| 18:20 | Research | Fletching |
| 18:21 | Research | Padded Archer Armor |
| 19:08 | Age | Castle Age |
| 19:30 | Build | Town Center |
| 19:33 | Create | Villager (Male) |
| 19:43 | Research | Bow Saw |
| 19:45 | Research | Stone Mining |
| 20:01 | Create | Villager (Male) |
| 20:13 | Build | Town Center |
| 20:20 | Create | Villager (Male) |
| 20:22 | Research | Town Watch |
| 20:56 | Create | Villager (Male) |
| 21:47 | Create | Villager (Male) |
| 21:55 | Create | Villager (Male) |
| 21:56 | Create | Villager (Male) |
| 22:02 | Create | Villager (Male) |
| 23:07 | Build | Castle |
| 23:09 | Create | Villager (Male) |
| 23:09 | Research | Hand Cart |
| 23:10 | Create | Villager (Male) |
| 23:10 | Create | Villager (Male) |
| 23:10 | Create | Villager (Male) |
| 23:13 | Create | Villager (Male) |
| 23:16 | Research | Heavy Plow |
| 23:42 | Build | Mining Camp |
| 23:47 | Create | Villager (Male) |
| 23:48 | Create | Villager (Male) |
| 23:51 | Create | Villager (Male) |
| 23:51 | Create | Villager (Male) |
| 23:55 | Build | Farm |
| 24:23 | Build | Farm |
| 24:27 | Create | Villager (Male) |
| 24:28 | Create | Villager (Male) |
| 24:28 | Create | Villager (Male) |
| 24:29 | Create | Villager (Male) |
| 24:31 | Build | Farm |
| 24:58 | Research | Stone Shaft Mining |
| 25:31 | Build | Castle |
| 25:37 | Create | Villager (Male) |
| 25:37 | Create | Villager (Male) |
| 25:38 | Create | Villager (Male) |
| 25:48 | Build | Farm |
| 25:49 | Build | Farm |
| 25:52 | Build | Farm |
| 25:54 | Build | Farm |
| 26:04 | Create | Villager (Male) |
| 26:04 | Create | Villager (Male) |
| 26:04 | Create | Villager (Male) |
| 26:26 | Create | Villager (Male) |
| 26:26 | Create | Villager (Male) |
| 26:39 | Build | Lumber Camp |
| 26:43 | Create | Villager (Male) |
| 26:44 | Create | Villager (Male) |
| 26:44 | Create | Villager (Male) |
| 26:56 | Build | Farm |
| 27:00 | Build | Farm |
| 27:02 | Build | Farm |
| 27:03 | Build | Farm |
| 27:14 | Build | Lumber Camp |
| 27:18 | Create | Camel Archer |
| 27:18 | Create | Camel Archer |
| 27:18 | Create | Camel Archer |
| 27:19 | Create | Camel Archer |
| 27:24 | Build | University |
| 27:27 | Build | Barracks |
| 27:29 | Build | Barracks |
| 27:32 | Create | Villager (Male) |
| 27:32 | Create | Villager (Male) |
| 27:33 | Create | Villager (Male) |
| 27:33 | Create | Villager (Male) |
| 27:34 | Create | Villager (Male) |
Build order — Zoe
First 150 of 437 actions detected
| 0:43 | Build | Town Center |
| 2:44 | Create | Villager (Male) |
| 2:44 | Create | Villager (Male) |
| 2:45 | Create | Villager (Male) |
| 2:45 | Create | Villager (Male) |
| 2:45 | Create | Villager (Male) |
| 2:49 | Build | House |
| 2:53 | Build | House |
| 3:09 | Build | House |
| 3:26 | Build | House |
| 3:55 | Create | Villager (Male) |
| 5:19 | Create | Villager (Male) |
| 5:19 | Create | Villager (Male) |
| 6:13 | Build | Mill |
| 6:56 | Create | Villager (Male) |
| 6:56 | Create | Villager (Male) |
| 6:56 | Create | Villager (Male) |
| 6:56 | Create | Villager (Male) |
| 6:57 | Create | Villager (Male) |
| 7:40 | Build | House |
| 8:25 | Build | Lumber Camp |
| 8:33 | Create | Villager (Male) |
| 8:33 | Create | Villager (Male) |
| 8:34 | Create | Villager (Male) |
| 8:38 | Create | Villager (Male) |
| 8:38 | Create | Villager (Male) |
| 8:38 | Create | Villager (Male) |
| 9:03 | Research | Feudal Age |
| 9:03 | Research | Feudal Age |
| 10:15 | Build | House |
| 10:30 | Build | Farm |
| 10:31 | Build | Farm |
| 11:13 | Age | Feudal Age |
| 11:23 | Build | Market |
| 11:37 | Build | Blacksmith |
| 11:41 | Create | Villager (Male) |
| 11:41 | Create | Villager (Male) |
| 12:40 | Create | Villager (Male) |
| 12:41 | Create | Villager (Male) |
| 12:41 | Create | Villager (Male) |
| 12:41 | Create | Villager (Male) |
| 12:46 | Build | Mining Camp |
| 13:52 | Build | Farm |
| 13:53 | Build | Farm |
| 13:53 | Build | Farm |
| 14:28 | Build | House |
| 14:34 | Build | Mining Camp |
| 14:39 | Create | Villager (Male) |
| 14:41 | Research | Castle Age |
| 14:48 | Build | House |
| 15:07 | Build | Farm |
| 15:12 | Build | House |
| 15:16 | Build | House |
| 15:24 | Research | Double-Bit Axe |
| 15:27 | Research | Horse Collar |
| 15:47 | Build | Farm |
| 15:47 | Build | Farm |
| 15:47 | Build | Farm |
| 15:58 | Build | House |
| 16:05 | Create | Villager (Male) |
| 16:05 | Create | Villager (Male) |
| 16:39 | Build | House |
| 16:40 | Build | House |
| 17:16 | Build | Stone Wall |
| 17:21 | Age | Castle Age |
| 17:38 | Build | House |
| 17:39 | Build | House |
| 17:55 | Build | Farm |
| 18:29 | Build | Farm |
| 18:30 | Create | Villager (Male) |
| 18:30 | Create | Villager (Male) |
| 18:30 | Create | Villager (Male) |
| 18:35 | Research | Heavy Plow |
| 18:36 | Research | Bow Saw |
| 19:04 | Build | Stone Wall |
| 19:10 | Build | Farm |
| 19:15 | Build | House |
| 19:16 | Build | House |
| 19:17 | Build | House |
| 19:24 | Build | Barracks |
| 19:31 | Build | Mining Camp |
| 19:40 | Create | Villager (Male) |
| 19:40 | Create | Villager (Male) |
| 19:58 | Build | Farm |
| 19:58 | Build | Farm |
| 19:58 | Build | Farm |
| 20:07 | Build | Farm |
| 20:08 | Create | Villager (Male) |
| 20:09 | Create | Villager (Male) |
| 20:09 | Create | Villager (Male) |
| 20:20 | Build | Archery Range |
| 20:26 | Build | Farm |
| 20:46 | Build | Farm |
| 20:53 | Build | House |
| 20:54 | Build | House |
| 20:55 | Build | House |
| 20:56 | Build | House |
| 21:09 | Build | Stable |
| 21:57 | Build | Farm |
| 22:00 | Create | Villager (Male) |
| 22:01 | Create | Villager (Male) |
| 22:01 | Create | Villager (Male) |
| 22:23 | Build | Town Center |
| 22:47 | Build | House |
| 22:49 | Build | House |
| 22:51 | Build | House |
| 22:53 | Build | House |
| 23:44 | Research | Pikeman (upgrade) |
| 25:07 | Create | Spearman |
| 25:07 | Create | Spearman |
| 25:07 | Create | Spearman |
| 25:08 | Create | Spearman |
| 25:08 | Create | Spearman |
| 25:11 | Research | Arson |
| 25:20 | Create | Villager (Male) |
| 25:20 | Create | Villager (Male) |
| 25:21 | Create | Villager (Male) |
| 25:21 | Create | Villager (Male) |
| 25:21 | Create | Villager (Male) |
| 25:21 | Create | Villager (Male) |
| 26:36 | Create | Villager (Male) |
| 26:36 | Create | Villager (Male) |
| 26:36 | Create | Villager (Male) |
| 26:36 | Create | Villager (Male) |
| 26:53 | Create | Villager (Male) |
| 26:53 | Create | Villager (Male) |
| 26:54 | Create | Villager (Male) |
| 26:54 | Create | Villager (Male) |
| 26:54 | Create | Villager (Male) |
| 26:54 | Create | Villager (Male) |
| 26:59 | Research | Fletching |
| 26:59 | Research | Padded Archer Armor |
| 27:18 | Build | Castle |
| 27:36 | Create | Villager (Male) |
| 27:36 | Create | Villager (Male) |
| 27:36 | Create | Villager (Male) |
| 27:36 | Create | Villager (Male) |
| 27:37 | Create | Villager (Male) |
| 27:51 | Research | Wheelbarrow |
| 27:51 | Research | Loom |
| 28:05 | Create | Mangudai |
| 28:05 | Create | Mangudai |
| 28:05 | Create | Mangudai |
| 28:06 | Create | Mangudai |
| 28:06 | Create | Mangudai |
| 28:06 | Create | Mangudai |
| 28:12 | Create | Villager (Male) |
| 28:12 | Create | Villager (Male) |
| 28:12 | Create | Villager (Male) |
| 28:13 | Create | Villager (Male) |
Match timeline
| 3:56 | 不吃五花肉 · first_building Dock |
| 5:06 | felipetutuba · wall_segment Palisade Wall x2 |
| 6:25 | Fujitora · first_building Barracks |
| 6:27 | felipetutuba · wall_segment Palisade Wall x5 |
| 6:29 | Dr.Lang · first_building Barracks |
| 6:59 | felipetutuba · wall_segment Palisade Wall x6 |
| 6:59 | felipetutuba · wall_segment Palisade Wall x2 |
| 10:52 | Dr.Lang · age_up feudal |
| 11:00 | Dr.Lang · first_building Stable |
| 11:11 | Dr.Lang · first_building Dock |
| 11:13 | Zoe · age_up feudal |
| 11:15 | 不吃五花肉 · first_building Barracks |
| 11:46 | felipetutuba · age_up feudal |
| 11:57 | 宇先生 · age_up feudal |
| 12:07 | Jenda1cz · age_up feudal |
| 12:08 | felipetutuba · wall_segment Stone Wall x21 |
| 12:23 | felipetutuba · wall_segment Stone Wall x5 |
| 12:28 | 不吃五花肉 · age_up feudal |
| 12:56 | felipetutuba · first_building Barracks |
| 14:02 | Fujitora · age_up feudal |
| 14:29 | Jenda1cz · wall_segment Palisade Wall x1 |
| 14:33 | Jenda1cz · wall_segment Palisade Wall x3 |
| 14:36 | Jenda1cz · wall_segment Palisade Wall x1 |
| 14:37 | Jenda1cz · wall_segment Palisade Wall x1 |
| 14:38 | Jenda1cz · wall_segment Palisade Wall x1 |
| 15:31 | Fujitora · first_building Stable |
| 16:14 | Jenda1cz · age_up castle |
| 16:29 | 十拾 · age_up feudal |
| 16:43 | 不吃五花肉 · first_building Archery Range |
| 16:55 | Dr.Lang · first_building Archery Range |
| 16:57 | 不吃五花肉 · age_up castle |
| 17:03 | 宇先生 · age_up castle |
| 17:16 | Zoe · wall_segment Stone Wall x4 |
| 17:21 | Zoe · age_up castle |
| 17:33 | Jenda1cz · first_building Barracks |
| 17:50 | 宇先生 · first_market_buy 100 stone |
| 17:51 | Dr.Lang · age_up castle |
| 17:53 | 十拾 · first_building Barracks |
| 17:55 | Dr.Lang · first_building Castle |
| 18:14 | 宇先生 · first_building Castle |
| 19:02 | 十拾 · first_building Stable |
| 19:04 | Zoe · wall_segment Stone Wall x1 |
| 19:08 | Fujitora · age_up castle |
| 19:24 | Zoe · first_building Barracks |
| 20:12 | Jenda1cz · first_building Stable |
| 20:20 | Zoe · first_building Archery Range |
| 20:28 | Jenda1cz · first_building Archery Range |
| 20:49 | 十拾 · age_up castle |
| 20:58 | Dr.Lang · first_market_buy 100 wood |
| 21:09 | Zoe · first_building Stable |
| 22:08 | Jenda1cz · wall_segment Palisade Wall x1 |
| 22:43 | 不吃五花肉 · first_building Siege Workshop |
| 23:07 | Fujitora · first_building Castle |
| 23:41 | felipetutuba · age_up castle |
| 23:52 | felipetutuba · first_building Monastery |
| 24:19 | 不吃五花肉 · first_building Castle |
| 25:02 | Jenda1cz · first_market_buy 100 food |
| 26:08 | Jenda1cz · wall_segment Stone Wall x16 |
| 27:06 | Jenda1cz · first_building Monastery |
| 27:10 | Zoe · first_market_buy 100 stone |
| 27:18 | Zoe · first_building Castle |
| 27:28 | Dr.Lang · first_building Siege Workshop |
| 27:46 | felipetutuba · first_building Castle |
| 28:24 | Dr.Lang · first_market_sell 500 wood |
| 29:38 | 十拾 · first_building Castle |
| 30:34 | 不吃五花肉 · wall_segment Palisade Wall x7 |
| 31:44 | Zoe · first_building Monastery |
| 32:07 | Fujitora · wall_segment Stone Wall x1 |
| 32:08 | Fujitora · wall_segment Stone Wall x1 |
| 33:15 | Jenda1cz · age_up imperial |
| 33:27 | Dr.Lang · age_up imperial |
| 33:59 | Jenda1cz · first_building Castle |
| 34:00 | 宇先生 · first_building Monastery |
| 35:28 | Fujitora · age_up imperial |
| 35:37 | Fujitora · first_building Siege Workshop |
| 35:41 | Fujitora · first_building Archery Range |
| 36:36 | felipetutuba · age_up imperial |
| 36:53 | Zoe · first_market_sell 100 food |
| 37:22 | 不吃五花肉 · first_market_sell 100 food |
| 37:44 | 宇先生 · age_up imperial |
| 39:51 | 十拾 · age_up imperial |
| 40:37 | 不吃五花肉 · age_up imperial |
| 40:54 | Jenda1cz · first_market_sell 500 wood |
| 41:33 | 宇先生 · first_building Barracks |
| 42:18 | 宇先生 · first_building Archery Range |
| 43:01 | 十拾 · first_market_sell 100 food |
| 45:46 | Zoe · age_up imperial |
| 45:58 | Fujitora · first_market_sell 500 food |
| 47:03 | Zoe · first_building Siege Workshop |
| 47:14 | Fujitora · wall_segment Stone Wall x22 |
| 47:54 | Fujitora · wall_segment Stone Wall x11 |
| 47:55 | 不吃五花肉 · first_building Monastery |
| 51:45 | 不吃五花肉 · first_market_buy 100 food |
| 57:54 | Zoe · wall_segment Stone Wall x6 |
| 59:28 | Zoe · first_building Dock |
| 65:51 | Fujitora · first_market_buy 500 stone |
| 73:35 | 十拾 · resign |
[ AI ANALYSIS · 1 CREDIT ]
What really happened in this match?
Wolo.gg analyzes every decision: build order, eco, micro, common mistakes by bracket. Personalized analysis on WhatsApp or Discord in 30 seconds.
Civ guide
Japanese
Perfil
Jugador #468204